AoeStats
← Comend x comend

Arena

510017480Analyzed
4v4 RM · 2d ago on Sep 29, 2026· 54m 44s· 8 players
Game mode
Random Map
Map size
Large (8 player)
Population
200
Speed
Normal
Resources
Standard
Victory
Conquest
Starting age
Dark Age
Ending age
Imperial Age
RankedLock teamsTeams togetherTeam positionsShared explorationLock speedFull tech treeHidden civsTurbo modeCheats
Victory
Defeat
🇺🇸 Cumans · United States
1384
+15
🇺🇸 Saxons · United States
1376
+16
🇺🇸 Teutons · United States
1356
+17
🇺🇸 Saracens · United States
1349
+17
🇵🇪 Celts · Peru
1386
-17
🇦🇷 Britons · Argentina
1374
-16
🇲🇽 Byzantines · Mexico
1359
-16
🇲🇽 Celts · Mexico
1358
-16
mike
0:27 Loom
10:49 Feudal Age
15:59 Castle Age
14:07 Double-Bit Axe
15:24 Scale Barding Armor
22:13 Forging
23:34 Iron Casting
23:41 Husbandry
26:47 Wheelbarrow
30:11 Pikeman
31:15 Bow Saw
32:32 Hand Cart
32:20 Scale Mail Armor
34:49 Chain Mail Armor
38:37 Horse Collar
38:49 Gold Mining
38:50 Stone Mining
39:22 Chain Barding Armor
43:09 Imperial Age
41:16 Fletching
41:29 Arson
43:12 Bodkin Arrow
45:13 Blast Furnace
49:46 Padded Archer Armor
51:18 Leather Archer Armor
51:39 Elite Skirmisher
53:10 Ring Archer Armor
53:02 Ballistics
Comend x comend
11:02 Feudal Age
16:28 Castle Age
17:41 Horse Collar
27:32 Wheelbarrow
26:55 Loom
31:16 Hand Cart
32:36 Double-Bit Axe
34:17 Bow Saw
33:31 Pikeman
33:56 Gambesons
37:54 Imperial Age
35:58 Forging
35:48 Scale Mail Armor
36:02 Stronghold
38:07 Halberdier
38:17 Capped Ram
40:19 Arson
40:23 Town Watch
40:01 Man-at-Arms
40:41 Siege Ram
42:19 Long Swordsman
43:52 Chain Mail Armor
45:36 Iron Casting
45:43 Heavy Plow
47:10 Two-Handed Swordsman
48:55 Champion
TanjiroK
9:38 Feudal Age
13:32 Castle Age
11:45 Horse Collar
12:22 Double-Bit Axe
17:45 Horse Collar
18:53 Town Watch
20:07 Fletching
23:44 Bodkin Arrow
33:14 Loom
41:46 Caravan
44:27 Wheelbarrow
51:01 Elite Skirmisher
53:07 Ballistics
54:21 Crossbowman
HK | Jai Guru Deva
7:18 Loom
9:39 Feudal Age
15:49 Castle Age
14:12 Double-Bit Axe
14:34 Horse Collar
16:13 Scale Mail Armor
16:23 Forging
26:41 Bow Saw
31:01 Heavy Plow
32:23 Gold Mining
32:27 Stone Mining
33:57 Wheelbarrow
34:18 Gold Shaft Mining
35:05 Chain Mail Armor
35:01 Forging
34:26 Pikeman
35:07 Squires
34:52 Arson
37:44 Imperial Age
35:36 Fortified Wall
35:09 Treadmill Crane
35:19 Gambesons
37:38 Iron Casting
39:14 Plate Mail Armor
38:04 Halberdier
38:27 Capped Ram
39:12 Siege Ram
39:38 Elite Varangian Guard
40:31 Guard Tower
41:27 Arrowslits
42:42 Chemistry
Freestyle98
10:19 Feudal Age
12:26 Loom
12:59 Double-Bit Axe
13:58 Horse Collar
16:39 Castle Age
15:20 Stone Mining
16:26 Gold Mining
17:34 Bow Saw
21:49 Loom
SlickPOPI
10:55 Feudal Age
15:14 Castle Age
13:23 Double-Bit Axe
13:53 Horse Collar
16:18 Bow Saw
17:51 Forging
20:20 Loom
24:01 Stone Mining
24:43 Fletching
25:54 Bodkin Arrow
28:09 Wheelbarrow
29:18 Gold Mining
30:28 Heavy Plow
31:02 Hand Cart
35:29 Imperial Age
33:50 Gold Shaft Mining
35:28 Iron Casting
34:59 Scale Barding Armor
37:26 Elite Mameluke
38:50 Chain Barding Armor
39:17 Conscription
39:10 Light Cavalry
40:00 Bloodlines
39:51 Husbandry
41:41 Two-Man Saw
42:37 Hussar
44:10 Man-at-Arms
45:33 Gambesons
45:48 Squires
45:49 Long Swordsman
46:33 Scale Mail Armor
47:34 Blast Furnace
48:05 Two-Handed Swordsman
50:10 Plate Barding Armor
49:51 Chain Mail Armor
50:43 Champion
FreakinAindreas16
11:13 Feudal Age
12:27 Double-Bit Axe
15:28 Castle Age
13:15 Horse Collar
18:22 Scale Mail Armor
18:33 Forging
18:28 Fletching
19:37 Bow Saw
21:27 Bodkin Arrow
23:12 Fortified Wall
24:50 Chain Mail Armor
32:45 Arson
33:00 Squires
33:39 Iron Casting
33:45 Wheelbarrow
35:01 Gold Mining
42:07 Imperial Age
43:40 Conscription
43:10 Pikeman
43:36 Gambesons
43:48 Halberdier
45:31 Treadmill Crane
46:51 Plate Mail Armor
46:03 Shield Wall
47:31 Hand Cart
47:03 Loom
47:49 Heavy Plow
47:13 Capped Ram
47:27 Elite Hearth Troop
50:02 Siege Ram
50:40 Man-at-Arms
51:05 Gambesons
51:44 Long Swordsman
52:21 Two-Handed Swordsman
53:27 Champion
snowball I
8:55 Feudal Age
9:42 Double-Bit Axe
10:57 Horse Collar
21:05 Castle Age
19:16 Gold Mining
19:51 Loom
20:42 Wheelbarrow
19:52 Town Watch
20:23 Scale Barding Armor
20:29 Forging
21:42 Bloodlines
21:51 Heavy Plow
22:05 Bow Saw
22:32 Gold Shaft Mining
21:20 Light Cavalry
23:57 Chain Barding Armor
24:12 Iron Casting
29:13 Hand Cart
34:30 Stone Mining
38:02 Imperial Age
39:47 Blast Furnace
39:23 Plate Barding Armor
39:00 Cavalier
39:01 Hussar
40:48 Paladin
Connection lost

Rejoining the realm…

Still unreachable

The connection could not be restored.

Session expired

The server has moved on; the page needs a fresh start.